Map: 16-Bit LE

Players

DaMan - Winner!

  • Race: Zerg Zerg
  • Spawn Location: 1:00

A.I. 1 (Elite)

  • Race: Protoss Protoss
  • Spawn Location: 7:00

VOD

Have the link to the VOD?

Description

Time

  • Played on: May 16, 2018, 11:55 p.m.
  • Length: 17:37
Show
View Real Time Build Order
Export as new Build Order

DaMan Zerg - Winner!

Build Orders: Hatch First 

Get SALT Encoding   

  12  0:01  Drone  
  13  0:13  Overlord  
  13  0:18  Drone  
  14  0:32  Drone  
  14  0:33  Drone  
  16  0:36  Drone  
  17  0:57  Hatchery  
  16  1:00  Drone  
  16  1:02  Extractor, Drone  
  17  1:18  Spawning Pool  
  16  1:21  Drone  
  18  1:25  Drone  
  18  1:33  Drone  
  19  1:40  Overlord  
  19  2:04  Metabolic Boost  
  19  2:06  Queen  
  21  2:09  Zergling x6  
  24  2:15  Queen  
  24  2:22  Drone  
  27  2:23  Drone  
  28  2:32  Drone  
  28  2:33  Drone  
  30  2:43  Lair  
  30  3:00  Baneling Nest  
  29  3:07  Hatchery  
  29  3:08  Drone  
  29  3:12  Drone  
  30  3:25  Zergling x10  
  35  3:35  Overlord  
  35  3:46  Baneling  
  35  3:47  Baneling x2  
  35  3:55  Baneling  
  35  4:17  Zergling x16  
  35  4:18  Zergling x2  
  35  4:19  Overlord  
  39  4:43  Drone  
  39  4:44  Queen, Drone x7  
  46  4:47  Queen  
  43  5:26  Drone  
  43  5:27  Drone x8  
  52  5:29  Extractor  
  52  5:30  Hydralisk Den  
  52  5:32  Extractor  
  52  5:34  Extractor  
  48  5:37  Queen  
  50  5:48  Baneling x3  
  50  5:51  Drone  
  50  5:52  Drone x5  
  56  5:59  Evolution Chamber  
  56  6:00  Evolution Chamber  
  56  6:03  Grooved Spines  
  54  6:16  Queen x2  
  54  6:17  Overlord  
  54  6:18  Overlord x2  
  58  6:35  Queen  
  58  6:36  Drone  
  58  6:37  Drone x3  
  58  6:38  Drone x3  
  64  6:42  Zergling x6  
  64  6:43  Zergling x10  
  72  6:47  Zerg Melee Weapons Level 1  
  72  6:55  Drone x3  
  72  6:56  Drone x2  
  77  7:13  Extractor, Drone x2  
  77  7:14  Extractor, Drone x3  
  77  7:15  Drone  
  81  7:17  Overlord x2  
  81  7:24  Zerg Ground Armor Level 1  
  81  7:25  Muscular Augments  
  81  7:26  Centrifical Hooks  
  81  7:33  Overlord  
  81  7:34  Overlord x2  
  81  7:49  Overlord x2  
  81  7:50  Hydralisk x6  
  93  7:55  Drone  
  93  7:56  Drone  
  95  8:05  Hydralisk  
  95  8:06  Hydralisk x2  
  95  8:08  Baneling  
  95  8:09  Baneling x6  
  101  8:33  Infestation Pit  
  100  8:34  Hydralisk  
  100  8:35  Hydralisk x3  
  100  8:37  Lurker Den, Overlord x3  
  107  8:54  Hatchery  
  105  9:03  Hydralisk  
  105  9:04  Hydralisk x3  
  105  9:07  Zergling x2  
  105  9:08  Zergling x10  
  99  9:35  Hydralisk  
  99  9:36  Zergling x2  
  99  9:37  Zergling x10  
  104  9:47  Drone x2  
  106  9:54  Drone x3  
  106  9:56  Zerg Ground Armor Level 2, Zerg Melee Weapons Level 2  
  106  9:57  Hatchery  
  108  10:06  Drone x3  
  111  10:29  Baneling  
  111  10:30  Baneling x9  
  111  10:34  Hive  
  111  10:35  Pneumatized Carapace  
  111  10:44  Hydralisk x4  
  111  10:45  Zergling x8  
  111  10:46  Zergling x10  
  111  10:49  Extractor  
  127  10:55  Extractor  
  127  10:56  Zergling x16  
  134  11:03  Spire  
  133  11:16  Drone  
  133  11:17  Drone x5  
  139  11:20  Queen  
  136  11:36  Hydralisk  
  136  11:37  Hydralisk x3  
  136  11:38  Zergling x14  
  133  11:57  Zergling x2  
  133  11:58  Zergling x24  
  111  12:19  Zergling x2  
  111  12:20  Zergling x12, Hydralisk x8  
  134  12:26  Zerg Melee Weapons Level 3  
  134  12:27  Zerg Ground Armor Level 3  
  134  12:29  Greater Spire  
  134  12:36  Ultralisk Cavern  
  133  12:44  Hydralisk x4  
  141  12:51  Drone  
  141  12:52  Drone x10  
  141  12:53  Overlord  
  141  12:54  Overlord x4  
  141  12:55  Overseer x2  
  141  12:56  Overseer  
  152  13:01  Baneling  
  152  13:02  Baneling x13  
  152  13:28  Hydralisk x7, Hatchery  
  152  13:29  Zergling x2  
  152  13:30  Zergling x14  
  152  13:31  Extractor  
  152  13:32  Chitinous Plating  
  170  13:35  Extractor  
  152  13:55  Hydralisk  
  152  13:56  Hydralisk x3  
  152  13:57  Ultralisk x4  
  178  14:15  Ultralisk  
  159  14:29  Zergling x16  
  159  14:30  Zergling x20  
  177  14:37  Zerg Flyer Weapons Level 1  
  177  14:53  Corruptor x5  
  182  15:10  Zerg Missile Weapons Level 1  
  178  15:15  Spire, Adrenal Glands  
  174  15:29  Zergling x12  
  174  15:30  Zergling x10  
  184  15:46  Brood Lord x5  
  194  15:55  Hydralisk x2  
  192  15:58  Overlord x2  
  192  15:59  Overlord x3  
  181  16:26  Overlord x10  
  181  16:27  Overlord x5  
  178  16:43  Zergling x18  
  178  16:44  Zergling x20  
  196  17:06  Zergling x8  
Show
View Real Time Build Order
Export as new Build Order

A.I. 1 (Elite) Protoss 

Build Orders:  

Get SALT Encoding   

  12  0:00  Probe  
  13  0:13  Probe  
  14  0:20  Pylon  
  14  0:25  Probe  
  15  0:34  Probe  
  15  0:42  Probe  
  16  0:48  Assimilator  
  17  0:51  Gateway, Probe  
  18  0:59  Pylon, Probe  
  19  1:07  Probe  
  20  1:19  Probe  
  21  1:31  Probe  
  22  1:38  Zealot  
  24  1:43  Probe  
  25  1:50  Nexus  
  25  2:02  Cybernetics Core  
  25  2:04  Probe  
  26  2:16  Probe  
  27  2:24  Warp Gate  
  27  2:28  Probe  
  28  2:30  Pylon  
  28  2:39  Stalker  
  28  2:40  Probe  
  28  2:42  Gateway  
  31  2:46  Assimilator  
  31  2:52  Probe  
  32  3:00  Probe  
  32  3:04  Pylon, Probe  
  34  3:10  Adept  
  34  3:11  Probe  
  36  3:17  Probe  
  38  3:29  Adept, Robotics Facility  
  38  3:34  Probe  
  41  3:36  Probe  
  41  3:37  Adept  
  44  3:46  Probe  
  44  3:48  Probe  
  46  3:55  Probe  
  46  3:56  Adept  
  46  4:00  Probe  
  46  4:01  Pylon  
  50  4:04  Adept, Probe  
  53  4:12  Probe  
  54  4:18  Immortal  
  54  4:19  Probe  
  54  4:20  Pylon  
  54  4:23  Stalker  
  61  4:24  Probe  
  60  4:31  Probe  
  60  4:36  Probe  
  62  4:38  Stalker  
  62  4:44  Probe  
  62  4:48  Probe  
  62  4:51  Robotics Facility  
  63  4:56  Probe  
  64  5:00  Adept  
  64  5:01  Stalker  
  64  5:03  Immortal  
  64  5:04  Probe x2  
  73  5:13  Probe  
  73  5:14  Pylon  
  73  5:17  Pylon  
  74  5:23  Sentry  
  74  5:26  Twilight Council  
  76  5:29  Zealot  
  78  5:37  Assimilator, Probe  
  78  5:42  Probe, Assimilator  
  79  5:51  Gateway  
  79  5:57  Zealot  
  79  6:00  Probe x2  
  79  6:04  Pylon  
  83  6:07  Templar Archives  
  83  6:09  Probe  
  83  6:12  Probe  
  83  6:17  Probe  
  85  6:24  Forge  
  86  6:31  Forge  
  86  6:32  Probe  
  86  6:33  Stalker  
  86  6:36  Pylon  
  86  6:38  Stalker  
  90  6:46  Stalker  
  92  6:50  Nexus  
  92  6:53  Protoss Ground Weapons Level 1  
  92  6:56  Stalker  
  92  6:58  Pylon  
  92  7:01  Sentry  
  96  7:04  Protoss Ground Armor Level 1  
  96  7:09  High Templar  
  96  7:10  Pylon  
  96  7:11  Observer  
  99  7:18  Gateway  
  99  7:22  High Templar  
  101  7:25  Zealot  
  101  7:26  Archon  
  103  7:36  Photon Cannon, High Templar  
  105  7:39  Photon Cannon  
  105  7:40  Warp Prism, Pylon  
  105  7:51  High Templar  
  109  7:53  Warp Prism  
  109  7:55  Stalker  
  109  7:56  Archon  
  113  8:00  Photon Cannon  
  113  8:02  Probe x2  
  113  8:03  Probe  
  116  8:09  High Templar  
  116  8:11  Probe, Assimilator  
  118  8:13  Pylon  
  118  8:15  Probe, Assimilator  
  118  8:16  Probe  
  118  8:19  Probe  
  121  8:23  High Templar  
  124  8:28  Stalker, Probe x3  
  124  8:34  Photon Cannon, Psionic Storm  
  129  8:37  Pylon  
  129  8:40  Probe x2  
  131  8:42  Probe  
  131  8:46  Archon  
  132  8:52  Probe  
  132  8:53  Probe x2  
  135  8:58  High Templar  
  135  9:00  Photon Cannon  
  135  9:02  Archon  
  137  9:05  Probe x2  
  137  9:08  High Templar  
  141  9:10  Photon Cannon, Stalker  
  141  9:11  Zealot  
  141  9:12  Archon  
  141  9:13  Pylon  
  137  9:28  Zealot  
  137  9:30  Adept  
  117  9:31  High Templar  
  117  9:38  Nexus  
  103  9:40  Stalker  
  103  9:43  Zealot  
  107  9:48  Immortal  
  107  9:50  Zealot  
  113  9:57  Immortal  
  117  10:03  Sentry, Zealot, Adept  
  123  10:11  Sentry  
  123  10:12  Protoss Ground Weapons Level 2  
  125  10:18  Adept  
  125  10:19  Photon Cannon  
  125  10:21  Immortal  
  127  10:23  Photon Cannon  
  127  10:24  Zealot  
  127  10:25  Sentry  
  127  10:27  Photon Cannon  
  127  10:28  Immortal  
  135  10:29  Photon Cannon  
  135  10:33  Zealot  
  135  10:34  Zealot  
  139  10:40  Adept  
  145  10:43  Charge  
  145  10:44  Stalker  
  145  10:45  Pylon  
  147  10:53  Sentry  
  147  10:54  High Templar  
  147  10:56  Observer  
  151  10:58  Pylon  
  151  10:59  Stalker  
  154  11:07  Zealot  
  154  11:09  Observer  
  157  11:12  Assimilator  
  157  11:16  Gateway, Sentry  
  159  11:18  Assimilator, Nexus  
  159  11:22  Stalker, Robotics Facility  
  159  11:23  Photon Cannon  
  161  11:26  Stalker, Zealot  
  165  11:39  Zealot  
  167  11:40  Zealot, Pylon  
  167  11:41  Stalker  
  167  11:45  Zealot  
  161  11:57  Adept  
  161  11:59  Sentry  
  143  12:02  Adept  
  143  12:05  Stalker  
  133  12:09  Immortal  
  133  12:10  Stalker  
  133  12:13  Photon Cannon  
  117  12:17  Stalker  
  117  12:19  Sentry  
  117  12:22  Zealot  
  119  12:24  Immortal  
  119  12:28  Stalker  
  119  12:29  Blink  
  125  12:32  Stalker  
  125  12:35  Zealot  
  129  12:37  High Templar  
  129  12:42  Zealot, Robotics Bay  
  133  12:44  Adept  
  135  12:52  Protoss Ground Armor Level 2  
  135  12:55  Adept, High Templar  
  135  12:56  Assimilator  
  139  13:00  Pylon  
  139  13:01  Zealot  
  139  13:02  Zealot x2  
  145  13:15  Stalker  
  145  13:18  Photon Cannon  
  147  13:20  Zealot  
  147  13:21  Zealot  
  147  13:23  Zealot, Colossus  
  153  13:27  Zealot  
  153  13:28  Disruptor  
  153  13:33  Colossus  
  153  13:34  Zealot  
  166  13:38  Zealot  
  166  13:39  Stalker, Adept  
  178  13:43  Zealot  
  154  13:52  Zealot  
  154  13:53  Stalker  
  154  13:55  Zealot  
  152  13:58  Zealot  
  152  13:59  Stalker  
  156  14:04  Colossus  
  154  14:13  Adept  
  154  14:15  Sentry  
  154  14:16  Stalker  
  134  14:18  Zealot  
  134  14:21  Colossus  
  134  14:22  Sentry  
  103  14:33  Zealot  
  103  14:38  Adept, Stalker  
  111  14:39  Sentry  
  111  14:45  Photon Cannon, Zealot  
  117  14:46  Disruptor  
  117  14:47  Zealot  
  117  14:52  Pylon  
  122  14:54  Stalker  
  122  14:57  Disruptor  
  122  14:58  Stalker  
  129  15:01  Zealot  
  129  15:03  Zealot  
  129  15:05  Stalker  
  97  15:15  Sentry  
  97  15:21  Zealot, Adept  
  93  15:23  Zealot  
  93  15:28  Zealot  
  60  15:37  Zealot  
  60  15:38  Zealot  
  60  15:40  Probe  
  60  15:41  Stalker, Adept  
  69  15:48  Zealot  
  64  15:51  Sentry  
  64  15:54  Probe x2  
  61  15:57  Sentry  
  61  16:00  Adept  
  61  16:01  Zealot  
  61  16:04  Zealot, Probe  
  57  16:09  Probe  
  57  16:10  Adept  
  47  16:19  Sentry  
  47  16:25  Nexus  
  42  16:26  Stalker  
  22  17:05  Zealot, Stalker, Adept  
  8  17:26  Stalker  
Tags
 
Matchup
PvZ
Spawn Locations
Cross Positions
Add a new tag
Caveats
  • Supply blocks, unpowered buildings, or Contaminate may cause inaccurate times.
  • Supply counts are checked every 10 seconds.